 Dungeon Crawl Stone Soup version 0.13-a0-2484-gc765b08 (console) character file.

79 Kellhus the Ruinous (level 3, -1/17 HPs)
             Began as a Gargoyle Wizard on July 20, 2013.
             Slain by Terence
             ... wielding a +0,+0 flail
              (3 damage)
             ... on Level 1 of the Dungeon.
             The game lasted 00:01:53 (1563 turns).

Kellhus the Ruinous (Gargoyle Wizard)               Turns: 1563, Time: 00:01:53

HP  -1/17        AC  7     Str 10      XL: 3   Next: 18%
MP   0/9         EV 11     Int 19      God:
Gold 49          SH  0     Dex  8      Spells:  1 memorised,  7 levels left

Res.Fire  : . . .   See Invis. : .   g - +0,+1 dagger (freeze)
Res.Cold  : + . .   Warding    : .   a - +0 robe
Life Prot.: + . .   Conserve   : .   (no shield)
Res.Poison: +       Res.Corr.  : .   b - +0 wizard hat
Res.Elec. : +       Clarity    : .   (no cloak)
Sust.Abil.: . .     Spirit.Shd : .   (no gloves)
Res.Mut.  : .       Stasis     : .   (no boots)
Res.Rott. : +       Flight     : .   (no amulet)
Saprovore : . . .                    (no ring)
                                     f - ring of protection from cold {unknown}

@: not resistant to hostile enchantments, unstealthy
A: fangs 1, talons 2, life protection 1, electricity resistance, slow metabolism
1, unbreathing, petrification resistance, AC +5
a: no special abilities


You were on level 1 of the Dungeon.
You were not hungry.

You visited 1 branch of the dungeon, and saw 2 of its levels.

You collected 29 gold pieces.

Inventory:

Hand weapons
 g - a +0,+1 dagger of freezing (weapon)
Armour
 a - a +0 robe (worn)
 b - a +0 wizard hat (worn)
Comestibles
 d - 2 bread rations
Scrolls
 e - 2 scrolls of identify {unknown}
 h - 3 scrolls of remove curse {unknown}
 i - a scroll of teleportation {unknown}
Jewellery
 f - a ring of protection from cold (left hand) {unknown}
Books
 c - a book of Minor Magic

   Spells                             Type                      Level
   *Magic Dart                        Conjuration                  1
   Blink                              Translocation                2
   Call Imp                           Summoning                    2
   Repel Missiles                     Charms/Air                   2
   Slow                               Hexes                        2
   Conjure Flame                      Conjuration/Fire             3
   Mephitic Cloud                     Conjuration/Poison/Air       3


   Skills:
 - Level 1.5 Dodging
 - Level 2.1 Stealth
 - Level 3.0 Spellcasting
 + Level 3.3 Conjurations
   Level 0.8 Summonings
   Level 0.8 Translocations


You had 7 spell levels left.
You knew the following spells:

 Your Spells              Type           Power        Failure   Level  Hunger
a - Magic Dart            Conj           ###.         4%          1    None


Dungeon Overview and Level Annotations

Branches:
Dungeon (2/27)

Altars:

Annotations
D:1 Terence


Innate Abilities, Weirdness & Mutations

You are resistant to torment.
You are immune to poison.
Your stone body is very resilient (AC +5).
You have very sharp teeth.
You have razor-sharp toenails.
You resist negative energy.
You are resistant to electric shocks.
You have a slow metabolism.
You can survive without breathing.
You are immune to petrification.


Message History

Terence hits you but does no damage.
You hit Terence but do no damage. You claw Terence. Your bite misses Terence.
Terence is heavily wounded.
Terence hits you but does no damage.
You barely miss Terence. Your bite misses Terence.
Terence is heavily wounded.
Terence says, "You're history."
Terence hits you with a flail!
* * * LOW HITPOINT WARNING * * *
A kobold comes into view. It is wielding an elven whip.
The kobold moves out of view.
Casting: Magic Dart
Confirm with . or Enter, or press ? or * to list all spells.
Aiming: Magic Dart
Press: ? - help, Shift-Dir - straight line, f - kobold, p - Terence
Aim: a kobold, wielding an elven whip and wearing an orcish ring mail The magic dart hits the kobold.
The kobold is severely wounded.
Terence hits you with a flail.
You die...

####### #.#.....# ##.#.## ......#
#.#.#.#.# #.....## #####.#
#.#.#.#.#####....... ###.#
#.....#...........## #...#
###.#########...#.# #.### #.#
#..##.# #.# #.# #.....# #.# #K#
##.#### #.# #@# ##'## #.# #@#
##...## #.# #.## ##.....## ##.##
#..## ##.......##
##...###########...####.........#
......................'.........'
##...###########.>.####.........#
##.## ####..## ##.......## #..#
#.....# ##....(##


You could see Terence and a kobold.

Vanquished Creatures
  2 giant geckos (D:1)
  An ooze (D:1)
  A giant cockroach (D:1)
  4 hobgoblins (D:1)
  A quokka (D:2)
  2 bats (D:1)
  2 giant newts (D:1)
  3 goblins (D:1)
  7 kobolds
  4 rats
27 creatures vanquished.

Notes
Turn   | Place    | Note
--------------------------------------------------------------
     0 | D:1      | Kellhus, the Gargoyle Wizard, began the quest for the Orb.
     0 | D:1      | Reached XP level 1. HP: 8/8 MP: 5/5
   635 | D:1      | Reached XP level 2. HP: 13/13 MP: 7/7
  1082 | D:1      | Reached XP level 3. HP: 17/17 MP: 9/9
  1519 | D:2      | Noticed Terence
  1563 | D:1      | Slain by Terence

Action                   || total
-------------------------++-------
Melee: Unarmed           ||     5
       Dagger            ||    18
 Cast: Magic Dart        ||    69
